 Dungeon Crawl Stone Soup version 0.28.0-56-g4927b6849a (webtiles) character file.

Game seed: 8973189202082745461

11183 Chiseanne the Fighter (level 11, -2/92 HPs)
             Began as a Demonspawn Wanderer on Jan 28, 2023.
             Was an Initiate of Gozag.
             Slain by a six-headed hydra (6 damage)
             ... on level 11 of the Dungeon.
             The game lasted 00:32:33 (12966 turns).

Chiseanne the Fighter (Demonspawn Wanderer)        Turns: 12966, Time: 00:32:34

Health: -2/92      AC: 31    Str: 15    XL:     11   Next: 46%
Magic:  21/21      EV: 10    Int: 14    God:    Gozag
Gold:   235        SH:  0    Dex: 14    Spells: 12/12 levels left

rFire   + . .      SeeInvis .   a - +6 quarterstaff (protect)
rCold   . . .      Faith    .   (shield currently unavailable)
rNeg    . . .      Spirit   .   v - +2 chain mail {rF+}
rPois   +          Reflect  .   A - +2 helmet
rElec   +          Harm     .   x - scarf {shadows}
rCorr   +          Rampage  .   I - +0 pair of gloves of Omission {rElec Will- rCorr}
Will    .....                   b - +1 pair of boots
Stlth   ..........              t - amulet of the acrobat
HPRegen 0.25/turn               o - +4 ring of protection
MPRegen 0.17/turn               Q - ring "Kanwen" {rPois MP+9}

@: under a protective aura
A: hooves 2, powered by pain 2
a: Renounce Religion, Potion Petition, Call Merchant, Bribe Branch


You were on level 11 of the Dungeon.
You worshipped Gozag.
Gozag was aware of your devotion.
You visited 3 branches of the dungeon, and saw 13 of its levels.
You also visited: Ossuary.

You collected 2454 gold pieces.
You spent 946 gold pieces at shops.
You paid 1273 gold pieces to Gozag.

Inventory:

Hand Weapons
 a - a +6 quarterstaff of protection (weapon)
 g - a +0 dagger of electrocution
 u - a +1 short sword of protection
 w - a +3 dagger
 C - a +0 whip of venom
Missiles
 e - 2 boomerangs of dispersal
 f - 171 stones
 h - 188 arrows
 l - 5 javelins
 r - 11 boomerangs
 s - 58 sling bullets
 G - 17 poisoned darts (quivered)
 M - a throwing net
 R - 18 bolts
Armour
 b - a +1 pair of boots (worn)
 c - a +2 ring mail of cold resistance
 v - a +2 chain mail of fire resistance (worn)
 x - a scarf of shadows (worn)
 A - a +2 helmet (worn)
 I - the +0 pair of gloves of Omission (worn) {rElec Will- rCorr}
   (You bought it in a shop on level 8 of the Dungeon)

   rElec:     It insulates you from electricity.
   rCorr:     It protects you from acid and corrosion.
   Will:      It decreases your willpower.
Magical Staves
 B - a staff of death
 F - a staff of earth
 L - a staff of fire
Jewellery
 o - a +4 ring of protection (left hand)
 t - an amulet of the acrobat (around neck)
 J - a ring of willpower
 Q - the ring "Kanwen" (right hand) {rPois MP+9}
   (You bought it in a shop on level 10 of the Dungeon)

   [ring of poison resistance]

   rPois:     It protects you from poison.
   MP:        It affects your magic capacity (+9).
 U - a ring of see invisible
Wands
 k - a wand of mindburst (8)
 n - a wand of iceblast (8)
 H - a wand of polymorph (14)
 K - a wand of digging (7)
 O - a wand of flame (2)
Scrolls
 p - 3 scrolls of identify
 y - 2 scrolls of teleportation
 D - a scroll of fear
 E - a scroll of amnesia
Potions
 d - a potion of lignification
 i - a potion of mutation
 j - 6 potions of curing
 m - a potion of ambrosia
 q - a potion of cancellation
 z - 2 potions of resistance
 N - a potion of heal wounds
 P - 2 potions of brilliance
 S - a potion of invisibility
 T - a potion of haste


   Skills:
 * Level 10.6 Fighting
 - Level 4.5 Staves
 * Level 9.7 Armour
 * Level 9.8 Dodging
 - Level 1.0 Stealth
 - Level 1.0 Spellcasting
 - Level 1.0 Conjurations
 - Level 1.0 Evocations


You had 12 spell levels left.
You didn't know any spells.
Your spell library contained the following spells:

 Spells                   Type           Power      Damage    Failure   Level
 Magic Dart               Conj           12%        1d3       91%         1
 Foxfire                  Conj/Fire      8%         2x1d4     95%         1
 Pain                     Necr           0%         1d4       97%         1
 Searing Ray              Conj           6%         2d4       97%         2
 Corpse Rot               Necr/Air       0%         N/A       99%         2
 Ensorcelled Hibernation  Hex/Ice        0%         N/A       99%         2
 Static Discharge         Conj/Air       2%         N/A       99%         2
 Dazzling Flash           Conj/Hex       4%         N/A       100%        3
 Portal Projectile        Hex/Tloc       0%         N/A       100%        3
 Stone Arrow              Conj/Erth      4%         3d7       100%        3
 Animate Armour           Summ/Erth      0%         N/A       100%        4
 Fulminant Prism          Conj/Hex       1%         3d6       100%        4
 Agony                    Necr           0%         N/A       100%        5
 Excruciating Wounds      Necr           0%         N/A       100%        5
 Conjure Ball Lightning   Conj/Air       1%         3x3d6     100%        6
 Iron Shot                Conj/Erth      1%         9d1       100%        6
 Lehudib's Crystal Spear  Conj/Erth      1%         10d2      100%        8
 Maxwell's Capacitive Co  Air            0%         ∞         100%        8


Dungeon Overview and Level Annotations

Branches:
Dungeon (11/15)            Temple (1/1) D:5             Orc (1/2) D:9
Ossuary (visited)
   Lair: D:8-11

Altars:
Ashenzari
Cheibriados
Fedhas
Gozag
Hepliaklqana
Kikubaaqudgha
Nemelex Xobeh
Okawaru
Qazlal
Trog
Uskayaw
Vehumet
Wu Jian
Xom

Shops:
D:8 [   D:9 (   D:10 =


Innate Abilities, Weirdness & Mutations

You have hoof-like feet.
You sometimes gain power by taking damage.


Message History

The six-headed hydra closely misses you.
The six-headed hydra bites you but does no damage. x2
The six-headed hydra closely misses you.
The six-headed hydra bites you!
You sock the six-headed hydra!
The six-headed hydra is heavily wounded.
The six-headed hydra bites you. The six-headed hydra bites you!
The six-headed hydra bites you but does no damage. x4
You hit the six-headed hydra.
The six-headed hydra is heavily wounded.
The six-headed hydra bites you.
The six-headed hydra closely misses you.
The six-headed hydra bites you but does no damage. x3
The six-headed hydra barely misses you.
You sock the six-headed hydra!
The six-headed hydra is severely wounded.
The six-headed hydra barely misses you.
The six-headed hydra bites you but does no damage. x4
The six-headed hydra bites you!
You barely miss the six-headed hydra.
The six-headed hydra is severely wounded.
The six-headed hydra bites you. The six-headed hydra bites you!
The six-headed hydra bites you but does no damage. x3
The six-headed hydra bites you!
* * * LOW HITPOINT WARNING * * *
You barely miss the six-headed hydra.
The six-headed hydra is severely wounded.
The six-headed hydra bites you.
* * * LOW HITPOINT WARNING * * *
The six-headed hydra bites you.
* * * LOW HITPOINT WARNING * * *
The six-headed hydra bites you but does no damage. x3
The six-headed hydra bites you!
* * * LOW HITPOINT WARNING * * *
You hit the six-headed hydra.
The six-headed hydra is severely wounded.
The six-headed hydra closely misses you.
The six-headed hydra bites you.
You die...
Your body crumbles into a pile of gold.

#.# ###.# #..<# #.#######
#.......# #######.# #.##.#
#############
#....######...........#
#.#......@D...........#
#.#.#######...........#
####.#.# ##.#..........#
#....#.########.#........?...
#............................
#..>..)......................
###.#..########.#............
#.#..# #.#............ # #..#
#.#.....


You could see a six-headed hydra.

Vanquished Creatures
  A two-headed ogre (D:10)
  A skeletal warrior (D:10)
  A manticore (D:9)
  2 trolls (D:9)
  2 wyverns
  A shadow (D:8)
  19 yaks
  A wraith (D:9)
  5 vampire mosquitoes (D:10)
  A warg (D:9)
  10 orc warriors
  4 ice beasts
  2 sky beasts
  A black bear (D:6)
  A necrophage (D:7)
  5 ogres
  The ghost of DildoBatman the Conjurer, an amateur FoCj (D:6)
  A centaur (D:10)
  2 phantoms
  2 kobold brigands
  5 bullfrogs
  3 scorpions
  2 wyvern skeletons (D:7)
  10 killer bees
  4 wights (D:8)
  3 electric eels (D:10)
  3 howler monkeys
  2 centaur zombies
  7 crimson imps (D:8)
  A bullfrog zombie (D:7)
  3 jellies
  7 orc priests
  A gnoll shaman (D:9)
  10 orc wizards
  An iguana (D:5)
  3 mummies (Ossuary)
  A howler monkey zombie (D:9)
  5 gnolls (D:9)
  4 adders
  2 shadow imps
  3 white imps
  3 adder zombies
  3 dart slugs
  3 worms
  38 orcs
  2 bats
  8 endoplasms
  2 giant cockroaches
  12 goblins
  13 hobgoblins
  6 quokkas
  5 ball pythons
  A frilled lizard (D:3)
  3 goblin zombies (Ossuary)
  3 hobgoblin zombies (Ossuary)
  11 kobolds
  2 kobold zombies (Ossuary)
  An orc zombie (Ossuary)
  2 quokka zombies (Ossuary)
  9 rats
  5 rat zombies (Ossuary)
275 creatures vanquished.

Vanquished Creatures (others)
  8 foxfires
8 creatures vanquished.

Grand Total: 283 creatures vanquished

Notes
Turn   | Place    | Note
-------+----------+-------------------------------------------
     0 | D:1      | Chiseanne the Demonspawn Wanderer began the quest for the
                  | Orb.
     0 | D:1      | Chiseanne set off with the following items: a +2
                  | quarterstaff, a +0 pair of boots, a +0 robe; and the
                  | following spell memorised: Foxfire; and the following
                  | spells available to memorise: Dazzling Flash
     0 | D:1      | Reached XP level 1. HP: 13/13 MP: 2/2
   143 | D:1      | Reached skill level 1 in Fighting
   320 | D:1      | Gained mutation: You sometimes gain a little power by
                  | taking damage. [demonic ancestry]
   320 | D:1      | Reached XP level 2. HP: 19/21 MP: 3/3
   341 | D:1      | Noticed a shining eye
   342 | D:1      | Found a faded altar of an unknown god.
   397 | D:1      | Noticed a floating eye
   415 | D:1      | Noticed a floating eye
   427 | D:1      | Noticed a golden eye
   933 | D:1      | Gained mutation: You have large cloven feet. [demonic
                  | ancestry]
   933 | D:1      | Reached XP level 3. HP: 26/26 MP: 4/4
  1100 | D:2      | Reached skill level 1 in Armour
  1821 | D:2      | Reached skill level 2 in Fighting
  2172 | D:3      | Gained mutation: You sometimes gain power by taking damage.
                  | [demonic ancestry]
  2172 | D:3      | Reached XP level 4. HP: 33/33 MP: 5/5
  2531 | D:3      | You fall into a shaft and drop 1 floor!
  2564 | D:4      | Noticed a phantom
  2844 | D:4      | Killed a phantom
  2845 | D:4      | Reached XP level 5. HP: 28/40 MP: 3/6
  3148 | D:4      | Reached skill level 3 in Fighting
  3164 | D:4      | Reached XP level 6. HP: 39/47 MP: 7/7
  3324 | D:4      | Got the Handbook of Feathery Execration
  3680 | D:5      | Entered Level 5 of the Dungeon
  3684 | D:5      | Found a staircase to the Ecumenical Temple.
  3691 | Temple   | Entered the Ecumenical Temple
  3699 | Temple   | Became a worshipper of Gozag Ym Sagoz the Greedy
  3814 | D:5      | Noticed an ice beast
  3828 | D:5      | Killed an ice beast
  4053 | D:5      | Reached skill level 4 in Fighting
  4069 | D:5      | Reached XP level 7. HP: 54/54 MP: 8/8
  4819 | D:6      | Found a sand-covered staircase.
  4827 | Ossuary  | Entered an ossuary
  5048 | Ossuary  | Reached skill level 5 in Fighting
  5586 | D:6      | Reached XP level 8. HP: 51/62 MP: 9/9
  5632 | D:6      | Reached skill level 5 in Dodging
  5713 | D:6      | Reached skill level 5 in Armour
  5755 | D:6      | Found a runed translucent door.
  5777 | D:6      | Reached skill level 6 in Fighting
  5860 | D:6      | Noticed DildoBatman's ghost (amateur FoCj)
  6200 | D:6      | Killed DildoBatman's ghost
  6568 | D:7      | Reached XP level 9. HP: 67/71 MP: 10/10
  6981 | D:7      | Reached skill level 7 in Fighting
  7968 | D:8      | Reached skill level 8 in Fighting
  7999 | D:8      | Bought a pair of translucent gloves for 304 gold pieces
  7999 | D:8      | Identified the +0 pair of gloves of Omission {rElec Will-
                  | rCorr} (You bought it in a shop on level 8 of the Dungeon)
  8092 | D:8      | Gained mutation: You have hoof-like feet. [demonic
                  | ancestry]
  8092 | D:8      | Reached XP level 10. HP: 64/81 MP: 11/11
  8523 | D:8      | Chiseanne: you stupid fuckers cant help yourselves , right
                  | ? FU
  9156 | D:8      | Reached skill level 9 in Fighting
  9311 | D:9      | Got the Handbook of Confrontation and the Rocks
  9353 | D:9      | Found Fupisan's Weapon Shop.
  9377 | D:9      | Noticed a manticore
  9386 | D:9      | Killed a manticore
  9493 | D:9      | Found a hide-covered altar of Uskayaw.
 10246 | D:9      | Found a staircase to the Orcish Mines.
 10366 | D:10     | Entered Level 10 of the Dungeon
 10503 | D:10     | Noticed a death knight
 10503 | D:10     | Noticed a skeletal warrior
 10503 | D:10     | Noticed a skeletal warrior
 10504 | D:10     | Chiseanne: you are just stupid fuckers
 10544 | D:10     | Reached XP level 11. HP: 72/90 MP: 12/12
 10567 | D:10     | Reached skill level 10 in Fighting
 10765 | D:10     | Noticed a two-headed ogre
 10889 | Orc:1    | Entered Level 1 of the Orcish Mines
 10921 | Orc:1    | Noticed an orc warlord
 11742 | D:10     | Bought the ring "Kanwen" {rPois MP+9} for 642 gold pieces
 12067 | D:10     | Killed a skeletal warrior
 12298 | D:10     | Got Hahiom's Guide on Feathers
 12545 | D:10     | Killed a two-headed ogre
 12944 | D:11     | Noticed a six-headed hydra
 12965 | D:11     | HP: 4/92 [six-headed hydra (10)]
 12966 | D:11     | Slain by a six-headed hydra

Illustrated notes

Levels and vault maps discovered:
D:1:      lemuel_arrival_broad_hall, layout_basic,
          hellmonk_ecumenical_altar_watching_god, minmay_vboxes
D:2:      layout_basic
D:3:      layout_rooms
D:4:      layout_gridville, grunt_ministairs_14
D:5:      layout_loops_ring, minmay_temple_entry_wispy
D:6:      layout_rooms, nicolae_ossuary_entry_ruins, ebering_ghost_sewer_d,
          lemuel_another_geyser
D:7:      layout_basic
D:8:      layout_basic, enter_bailey_1, minmay_nine_imps
D:9:      layout_gridville, old_standard_altar, david_orc_4, serial_shops,
          nicolae_shop_bloodbath_and_beyond
D:10:     layout_basic
D:11:     nicolae_hexawheel, layout_basic, chequers_garden, uniq_nergalle
Temple:   dpeg_three_leaves_temple
Orc:1:    layout_caves, nicolae_orc_crystal_geode

Skill      XL: |  1  2  3  4  5  6  7  8  9 10 11 |
---------------+----------------------------------+-----
Fighting       | 1 2 3 4 5 6 8 9 10 | 10.6
Armour         | 1 2 3 4 5 7 9 |  9.7
Dodging        | 2 3 4 6 7 9 |  9.8
Staves         | |  4.5
Stealth        | |  1.0
Spellcasting   | |  1.0
Conjurations   | |  1.0
Evocations     | |  1.0

Action                   |  1- 3 |  4- 6 |  7- 9 | 10-12 || total
-------------------------+-------+-------+-------+-------++-------
Melee: Quarterstaff      |   129 |   109 |   416 |   507 ||  1161
Throw: Stone             |       |       |       |     2 ||     2
       Dart              |       |       |       |     3 ||     3
 Cast: Foxfire           |     1 |     3 |       |       ||     4
Invok: Call Merchant     |       |       |     1 |     1 ||     2
Evoke: Wand              |       |       |    11 |     8 ||    19
  Use: Scroll            |     6 |     5 |    13 |     9 ||    33
       Potion            |       |       |       |     1 ||     1
 Stab: Sleeping          |     3 |       |       |       ||     3
       Invisible         |       |       |       |     3 ||     3
       Distracted        |       |       |       |     1 ||     1
Armor: Ring mail         |    51 |    44 |   196 |   220 ||   511
       Robe              |     2 |       |       |       ||     2
       Chain mail        |       |       |       |    82 ||    82
Dodge: Dodged            |    77 |    66 |   292 |   429 ||   864
